 Dungeon Crawl Stone Soup version 0.16-a0-3326-gb44eaf1 (webtiles) character file.

112 Miyamura the Poker (level 4, -1/35 HPs)
             Began as a Merfolk Gladiator on Dec 27, 2014.
             Killed from afar by Sigmund (8 damage)
             ... with a magic dart
             ... on level 2 of the Dungeon.
             The game lasted 00:05:25 (2196 turns).

Miyamura the Poker (Merfolk Gladiator)              Turns: 2196, Time: 00:05:25

Health: -1/35      AC:  6    Str: 15    XL:     4   Next: 95%
Magic:  5/5        EV: 14    Int: 11    God:
Gold:   102        SH:  0    Dex: 14    Spells: 0 memorised, 5 levels left

rFire  . . .     SeeInvis .     a - +1 trident
rCold  . . .     Clarity  .     b - +1 leather armour
rNeg   . . .     SustAb   .     (no shield)
rPois  .         Gourm    .     e - +1 helmet {Int+3}
rElec  .         Spirit   .     (no cloak)
rCorr  .         Warding  .     (no gloves)
rMut   .         Stasis   .     (no boots)
MR     .....                    (no amulet)
Stlth  +.........               (no ring)
                                (no ring)

@: lethally poisoned, not resistant to hostile enchantments, very unstealthy
A: change form in water, swift swim
a: no special abilities


You were on level 2 of the Dungeon.
You were not hungry.

You visited 1 branch of the dungeon, and saw 2 of its levels.

You collected 102 gold pieces.

Inventory:

Hand weapons
 a - a +1 trident (weapon)
Armour
 b - a +1 leather armour (worn)
 e - a +1 helmet of intelligence (worn)
Jewellery
 m - an uncursed ring of sustain abilities {unknown}
Scrolls
 i - a scroll of remove curse
Potions
 c - a potion of mutation
 k - a potion of haste
Comestibles
 d - a meat ration
 f - 2 bread rations
 l - a beef jerky
 p - a chunk of flesh


   Skills:
 + Level 3.2 Fighting
 + Level 5.6 Polearms
 - Level 2.0 Throwing
 + Level 0.9 Armour
 + Level 4.8 Dodging
 + Level 1.0 Spellcasting


You had 5 spell levels left.
You didn't know any spells.

Dungeon Overview and Level Annotations

Branches:
Dungeon (2/15)

Altars:
Fedhas
Kikubaaqudgha

Annotations:
D:2 Sigmund


Message History

Read which item? (? for menu, Esc to quit)
As you read the scroll labeled AGAUVV LYICZOC, it crumbles to dust.
It is a scroll of identify.
Identify which item? (\ to view known items) (? for menu, Esc to quit)
c - a potion of mutation You feel sick.
Something hits you but does no damage.
You are lethally poisoned!
Drink which item? (? for menu, Esc to quit)
You feel better. Something hits you.
You are poisoned.
You feel sick. Something hits you.
You are lethally poisoned!
You feel sick.
You hear some strange, mumbled words.
The puff of flame hits you!
* * * LOW HITPOINT WARNING * * *
* * * LOW HITPOINT WARNING * * *
You feel sick. The magic dart hits you!
You die...

#############
...<).......####################
##########.#..............(....#
#..#...#...#...#...#..#
#...................._#
#.##...#...#...#...#..#
#########.#....@..............#
##.........#####################
.................#[#.# #...#
.#.#######.#######.#.###...######
.#.# #.#.....................
.#.# #............#.......##.
.#.# #...........###.........
...# #...#####.##.#.......#..
.#.# #...# #.###.#...####..


There were no monsters in sight!

Vanquished Creatures
  4 gnolls
  2 adders (D:2)
  A giant mite (D:2)
  A worm (D:2)
  A giant gecko (D:1)
  An ooze (D:2)
  7 bats
  2 giant cockroaches (D:1)
  3 hobgoblins (D:1)
  3 jackals (D:2)
  5 kobolds (D:1)
  3 giant newts
  5 goblins
  5 rats
43 creatures vanquished.

Notes
Turn   | Place    | Note
--------------------------------------------------------------
     0 | D:1      | Miyamura, the Merfolk Gladiator, began the quest for the Orb.
     0 | D:1      | Reached XP level 1. HP: 16/16 MP: 1/1
   251 | D:1      | Reached XP level 2. HP: 23/23 MP: 2/2
   587 | D:1      | Reached skill level 5 in Polearms
   591 | D:1      | Reached XP level 3. HP: 12/28 MP: 3/3
   921 | D:2      | Noticed Sigmund
  1144 | D:2      | Found a blossoming altar of Fedhas.
  1241 | D:2      | Found an ancient bone altar of Kikubaaqudgha.
  1523 | D:1      | Reached XP level 4. HP: 33/35 MP: 4/4
  1880 | D:2      | Reached skill level 1 in Spellcasting
  2196 | D:2      | Killed from afar by Sigmund

Action                   |  1- 3 |  4- 6 || total
-------------------------+-------+-------++-------
Melee: Trident           |   125 |    38 ||   163
  Use: Potion            |     3 |     1 ||     4
       Scroll            |       |     5 ||     5
 Stab: Sleeping          |       |     1 ||     1
  Eat: Chunk             |     2 |     2 ||     4
